2062 views
Uploaded 2023-10-10 09:12:07
Game version 1.36 (6115)
23:47 long 1on1 ladder game on (2)NorthernIsles_S2
Saved by Sonnenschein
2062 views
Uploaded 2023-10-10 09:12:07
Game version 1.36 (6115)
23:47 long 1on1 ladder game on (2)NorthernIsles_S2

37 units @ 3.5k
/ 0.4k
25 buildings @ 4.4k
/ 1.8k



| Lesser Clarity Potion | 2 | 140 |
| Staff of Preservation | 1 | 150 |
| Potion of Healing | 3 | 450 |
| Moonstone | 1 | 50 |
| Potion of Mana | 1 | 200 |
| Scroll of Healing | 2 | 500 |
| Potion of Lesser Invulnerability | 1 | 150 |
| Circlet of Nobility | 1 | 175 |
| Boots of Speed | 1 | 250 |
| total: | 13 | 2065g |
| Wisp | 25 | 1500 | / | 0 |
| Archer | 8 | 1040 | / | 80 |
| Druid of the Claw | 3 | 765 | / | 240 |
| Dryad | 1 | 145 | / | 60 |
| total: | 37 | 3450g | / | 380w |
| Ancient Protector | 5 | 675 | / | 400 |
| Altar of Elders | 2 | 360 | / | 100 |
| Moon Well | 9 | 1620 | / | 360 |
| Ancient of War | 3 | 450 | / | 180 |
| Hunter's Hall | 1 | 210 | / | 100 |
| Ancient of Wonders | 1 | 90 | / | 30 |
| Tree of Life | 2 | 680 | / | 370 |
| Ancient of Lore | 2 | 310 | / | 290 |
| Tree of Ages | 1 | 320 | / | 180 |
| Tree of Eternity | 1 | 330 | / | 200 |
| total: | 25 | 4395g | / | 1830w |
| 0:00 | Wisp |
| 0:02 | Altar of Elders |
| 0:03 | Altar of Elders |
| 0:05 | Wisp |
| 0:15 | Moon Well |
| 0:18 | Wisp |
| 0:36 | Ancient of War |
| 0:38 | Wisp |
| 0:53 | Wisp |
| 0:53 | Wisp |
| 0:59 | Wisp |
| 1:09 | Wisp |
| 1:35 | Moon Well |
| 1:36 | Wisp |
| 1:37 | Archer |
| 2:08 | Mana Burn |
| 2:29 | Wisp |
| 2:44 | Tree of Ages |
| 2:48 | Hunter's Hall |
| 2:56 | Archer |
| 3:06 | Moon Well |
| 3:18 | Archer |
| 4:08 | Archer |
| 4:17 | Moon Well |
| 4:20 | Strength of the Moon |
| 5:17 | Archer |
| 5:34 | Archer |
| 5:38 | Breath of Fire |
| 6:32 | Tree of Eternity |
| 6:34 | Ancient of Lore |
| 6:35 | Ancient of Lore |
| 6:43 | Immolation |
| 7:09 | Ancient Protector |
| 7:11 | Ancient of Wonders |
| 7:19 | Improved Bows |
| 7:43 | Strength of the Wild |
| 8:38 | Druid of the Claw Adept Training |
| 8:38 | Abolish Magic |
| 8:54 | Wisp |
| 8:54 | Wisp |
| 8:54 | Wisp |
| 8:55 | Wisp |
| 9:13 | Lesser Clarity Potion |
| 9:14 | Staff of Preservation |
| 9:16 | Lesser Clarity Potion |
| 9:16 | Potion of Healing |
| 9:17 | Moonstone |
| 9:22 | Druid of the Claw |
| 9:22 | Druid of the Claw Master Training |
| 9:39 | Potion of Healing |
| 9:56 | Potion of Healing |
| 10:23 | Drunken Brawler |
| 10:27 | Druid of the Claw |
| 10:32 | Immolation |
| 10:36 | Potion of Mana |
| 11:47 | Druid of the Claw |
| 11:47 | Dryad |
| 12:21 | Archer |
| 12:21 | Archer |
| 12:51 | Ancient Protector |
| 12:53 | Ancient Protector |
| 12:55 | Ancient Protector |
| 12:58 | Wisp |
| 12:58 | Wisp |
| 14:10 | Ancient Protector |
| 14:29 | Wisp |
| 14:29 | Wisp |
| 14:30 | Wisp |
| 14:30 | Wisp |
| 14:43 | Wisp |
| 15:28 | Wisp |
| 15:28 | Wisp |
| 15:57 | Summon Quilbeast |
| 16:23 | Breath of Fire |
| 16:30 | Moon Well |
| 16:32 | Moon Well |
| 17:05 | Wisp |
| 18:22 | Moon Well |
| 18:54 | Ancient of War |
| 18:56 | Tree of Life |
| 20:55 | Scroll of Healing |
| 20:55 | Scroll of Healing |
| 20:56 | Potion of Lesser Invulnerability |
| 20:56 | Circlet of Nobility |
| 20:59 | Boots of Speed |
| 21:07 | Wisp |
| 21:30 | Mana Burn |
| 21:41 | Summon Bear |
| 22:17 | Tree of Life |
| 22:27 | Ancient of War |
| 22:29 | Moon Well |
| 22:29 | Moon Well |
| Right click | 2060 |
| Select | 712 |
| Chat | 156 |
| Build/train/purchase | 127 |
| Select group | 98 |
| Use ability | 97 |
| Assign group | 38 |
| Misc. action | 21 |
| Remove unit | 3 |
| Item give/drop | 2 |
44 units @ 4.8k
/ 0.2k
26 buildings @ 2.9k
/ 1.3k


| Lesser Clarity Potion | 6 | 420 |
| Scroll of Regeneration | 6 | 600 |
| Potion of Healing | 10 | 1500 |
| total: | 22 | 2520g |
| Peasant | 24 | 1800 | / | 0 |
| Footman | 16 | 2160 | / | 0 |
| Mortar Team | 2 | 360 | / | 140 |
| Spell Breaker | 2 | 430 | / | 60 |
| total: | 44 | 4750g | / | 200w |
| Scout Tower | 8 | 240 | / | 160 |
| Arcane Tower | 5 | 350 | / | 250 |
| Guard Tower | 3 | 210 | / | 150 |
| Altar of Kings | 1 | 180 | / | 50 |
| Barracks | 1 | 160 | / | 60 |
| Farm | 7 | 560 | / | 140 |
| Town Hall | 2 | 770 | / | 410 |
| Lumber Mill | 1 | 120 | / | 0 |
| Arcane Vault | 2 | 260 | / | 60 |
| Blacksmith | 2 | 280 | / | 120 |
| Arcane Sanctum | 1 | 150 | / | 140 |
| Workshop | 1 | 140 | / | 140 |
| Keep | 1 | 320 | / | 210 |
| total: | 26 | 2860g | / | 1280w |
| 0:01 | Peasant |
| 0:01 | Peasant |
| 0:06 | Altar of Kings |
| 0:18 | Barracks |
| 0:21 | Peasant |
| 0:33 | Farm |
| 0:35 | Peasant |
| 0:47 | Farm |
| 0:49 | Peasant |
| 1:03 | Peasant |
| 1:15 | Peasant |
| 1:19 | Footman |
| 1:34 | Footman |
| 1:42 | Farm |
| 2:00 | Footman |
| 2:08 | Summon Water Elemental |
| 2:36 | Peasant |
| 2:44 | Footman |
| 2:47 | Peasant |
| 2:47 | Peasant |
| 3:08 | Footman |
| 3:12 | Farm |
| 3:14 | Brilliance Aura |
| 3:33 | Town Hall |
| 3:52 | Footman |
| 4:06 | Scout Tower |
| 4:15 | Peasant |
| 4:15 | Peasant |
| 5:01 | Defend |
| 5:05 | Footman |
| 5:05 | Footman |
| 5:27 | Arcane Tower |
| 5:36 | Keep |
| 5:38 | Lumber Mill |
| 5:50 | Scout Tower |
| 5:54 | Footman |
| 5:54 | Footman |
| 6:39 | Arcane Tower |
| 6:42 | Arcane Vault |
| 7:35 | Lesser Clarity Potion |
| 7:36 | Scroll of Regeneration |
| 7:39 | Scroll of Regeneration |
| 8:21 | Farm |
| 8:31 | Potion of Healing |
| 8:50 | Footman |
| 8:54 | Lesser Clarity Potion |
| 9:06 | Footman |
| 9:12 | Footman |
| 9:16 | Farm |
| 9:22 | Pocket Factory |
| 9:50 | Scout Tower |
| 10:01 | Scout Tower |
| 10:07 | Arcane Vault |
| 10:10 | Summon Water Elemental |
| 10:19 | Arcane Tower |
| 10:39 | Arcane Tower |
| 10:41 | Potion of Healing |
| 10:44 | Scout Tower |
| 11:06 | Potion of Healing |
| 11:20 | Arcane Tower |
| 11:23 | Potion of Healing |
| 11:39 | Scout Tower |
| 11:51 | Lesser Clarity Potion |
| 11:55 | Lesser Clarity Potion |
| 12:01 | Scroll of Regeneration |
| 12:08 | Scroll of Regeneration |
| 12:13 | Guard Tower |
| 12:23 | Engineering Upgrade |
| 12:46 | Scout Tower |
| 12:54 | Footman |
| 12:54 | Footman |
| 12:57 | Arcane Sanctum |
| 12:59 | Lesser Clarity Potion |
| 13:00 | Potion of Healing |
| 13:03 | Guard Tower |
| 13:05 | Scout Tower |
| 13:22 | Footman |
| 13:26 | Blacksmith |
| 13:28 | Blacksmith |
| 13:34 | Guard Tower |
| 14:16 | Brilliance Aura |
| 14:50 | Workshop |
| 14:52 | Lesser Clarity Potion |
| 15:01 | Peasant |
| 15:01 | Peasant |
| 15:21 | Scroll of Regeneration |
| 15:39 | Town Hall |
| 15:49 | Peasant |
| 15:49 | Peasant |
| 16:22 | Potion of Healing |
| 16:35 | Farm |
| 16:50 | Peasant |
| 16:50 | Peasant |
| 16:50 | Peasant |
| 17:06 | Mortar Team |
| 17:09 | Scroll of Regeneration |
| 18:03 | Pocket Factory |
| 18:12 | Spell Breaker |
| 18:12 | Spell Breaker |
| 19:11 | Mortar Team |
| 19:41 | Peasant |
| 19:41 | Peasant |
| 19:41 | Peasant |
| 20:02 | Potion of Healing |
| 20:55 | Peasant |
| 20:55 | Peasant |
| 21:00 | Potion of Healing |
| 21:07 | Potion of Healing |
| 21:32 | Potion of Healing |
| Right click | 1186 |
| Select | 591 |
| Select group | 223 |
| Build/train/purchase | 170 |
| Minimap ping | 89 |
| Misc. action | 52 |
| Assign group | 26 |
| Use ability | 17 |
| Chat | 8 |
| Remove unit | 7 |
| Item give/drop | 2 |
โ